 Dungeon Crawl Stone Soup version 0.29-a0-322-g68df515428 (webtiles) character file.

Game seed: 17661151116069409880

77 zishaf the Grasshopper (level 4, 0/21 HPs)
             Began as a Felid Warper on Apr 5, 2022.
             Slain by Terence
             ... wielding a +0 flail
              (2 damage)
             ... on level 2 of the Dungeon.
             The game lasted 00:06:34 (2698 turns).

zishaf the Grasshopper (Felid Warper)               Turns: 2698, Time: 00:06:35

Health: 0/21       AC:  1    Str:  7    XL:     4   Next: 14%
Magic:  9/9        EV: 18    Int: 16    God:
Gold:   75         SH:  0    Dex: 15    Spells: 3/8 levels left
                                        Lives:  0   Deaths: 1

rFire   . . .      SeeInvis +     - Unarmed
rCold   . . .      Faith    .   (shield unavailable)
rNeg    . . .      Spirit   .   (body armour unavailable)
rPois   .          Reflect  .   (helmet unavailable)
rElec   .          Harm     .   (cloak unavailable)
rCorr   .          Rampage  .   (gloves unavailable)
Will    .....                   (boots unavailable)
Stlth   ++........              (no amulet)
HPRegen 0.07/turn               (no ring)
MPRegen 0.11/turn               (no ring)

@: quick
A: very small, claws 1, fangs 3, see invisible, speed 1, shaggy fur 1, stealthy
paws, no weapons or thrown items, no armour, multi-lived
a: no special abilities


You were on level 2 of the Dungeon.
You visited 1 branch of the dungeon, and saw 2 of its levels.

You collected 75 gold pieces.

Inventory:

Scrolls
 a - 3 scrolls of blinking
 b - a scroll of fear {unknown}
 c - a scroll of holy word {unknown}
 e - a scroll of magic mapping {unknown}
 g - a scroll of teleportation {unknown}
 h - 3 scrolls of amnesia {unknown}
 i - a scroll of noise {unknown}
Potions
 d - a potion of brilliance
 f - 2 potions of heal wounds {unknown}
 j - a potion of curing
 k - a potion of degeneration {unknown}


   Skills:
 + Level 3.0 Fighting
 - Level 4.0 Dodging
 + Level 3.0 Stealth
 - Level 2.0 Unarmed Combat
 + Level 2.9 Spellcasting
 + Level 5.1 Translocations


You had 3 spell levels left.
You knew the following spells:

 Your Spells              Type           Power      Damage    Failure   Level
a - Blink                 Tloc           36%        N/A       3%          2
b - Gell's Gravitas       Tloc           18%        N/A       7%          3

Your spell library contained the following spells:

 Spells                   Type           Power      Damage    Failure   Level
 Lesser Beckoning         Tloc           18%        N/A       7%          3
 Teleport Other           Tloc           18%        N/A       7%          3
 Manifold Assault         Tloc           18%        N/A       54%         5


Dungeon Overview and Level Annotations

Branches:
Dungeon (2/15)

Altars:

Annotations:
D:2 Sigmund, Terence


Innate Abilities, Weirdness & Mutations

You have sharp claws.
You have razor-sharp teeth.
You have supernaturally acute eyesight. (SInv)
You cover ground quickly. (Speed+)
You are covered in fur. (AC +1)
Your paws help you pounce on unaware monsters.
You are incapable of wielding weapons or throwing items.
You cannot wear armour.
You gain extra lives every three experience levels.


Message History

You are too injured to fight recklessly!
You are too injured to fight recklessly!
A kobold comes into view. It is wielding a +0 dagger.
Terence looks scornfully at you.
You scratch Terence.
Terence is severely wounded.
Terence barely misses you.
You scratch Terence.
Terence is almost dead.
Terence completely misses you.
You scratch Terence but do no damage.
Terence is almost dead.
Terence closely misses you.
You scratch Terence but do no damage. Your claw misses Terence.
Terence is almost dead.
Terence barely misses you.
You barely miss Terence.
Terence is almost dead.
Terence barely misses you.
You barely miss Terence. Your bite misses Terence.
Terence is almost dead.
Terence misses you.
You scratch Terence but do no damage.
Terence is almost dead.
Terence misses you.
You scratch Terence but do no damage.
Terence is severely wounded.
Terence hits you with a +0 flail!
Ouch! That really hurt!
* * * LOW HITPOINT WARNING * * *
You scratch Terence. You claw Terence, but do no damage.
Terence is almost dead.
Terence barely misses you.
You scratch Terence but do no damage.
Terence is almost dead.
Terence closely misses you.
You scratch Terence but do no damage. You bite Terence, but do no damage.
Terence is almost dead.
Terence hits you with a +0 flail.
You die...

###............[......###
##..########.##.####.##.
##...## .........†....
#..#..#####.##########...
###.###...##..# #...).
.###...#####....## #....#..#
.............##...#####.#####.#
......######..<.......... ...
....####...####@##.##.### ####
.....###.....###@##.#..# ...
K.... #..........##...# #.##
#..# #..............## #..# ..#
#........#####.# ##..# # #.#
##...........#.# #..# .. #.#
#.......####...######.###.#
..### #.......#
##.........#...#
....###.......# ##..####....###


You could see Terence.

Vanquished Creatures
  Natasha (thrice) (D:2)
  A gnoll (D:1)
  A dart slug (D:2)
  4 ball pythons
  4 bats
  6 endoplasms
  A giant cockroach (D:1)
  6 goblins
  2 hobgoblins
  2 jackals (D:1)
  5 quokkas
  4 frilled lizards
  A kobold (D:1)
  5 rats (D:1)
45 creatures vanquished.

Vanquished Creatures (others)
  4 plants (D:1)
4 creatures vanquished.

Grand Total: 49 creatures vanquished

Notes
Turn   | Place    | Note
-------+----------+-------------------------------------------
     0 | D:1      | zishaf the Felid Warper began the quest for the Orb.
     0 | D:1      | Reached XP level 1. HP: 9/9 MP: 4/4
   401 | D:1      | Reached skill level 1 in Stealth
   401 | D:1      | Reached XP level 2. HP: 5/13 MP: 6/6
   618 | D:1      | Learned a level 2 spell: Blink
  1419 | D:1      | Reached XP level 3. HP: 14/16 MP: 7/7
  1860 | D:2      | Learned a level 3 spell: Gell's Gravitas
  1974 | D:2      | Noticed Natasha
  1980 | D:2      | Killed Natasha
  1981 | D:2      | Reached XP level 4. HP: 20/20 MP: 8/8
  2254 | D:2      | Noticed Natasha
  2262 | D:2      | Killed Natasha
  2387 | D:2      | Noticed Natasha
  2402 | D:2      | Slain by Natasha
  2403 | D:2      | Reached XP level 3. HP: 0/16 MP: 8/8
  2427 | D:2      | Killed Natasha
  2428 | D:2      | Reached skill level 5 in Translocations
  2428 | D:2      | Reached XP level 4. HP: 21/21 MP: 9/9
  2499 | D:2      | Noticed Sigmund
  2647 | D:2      | Noticed Terence
  2695 | D:2      | HP: 1/21 [Terence/+0 flail (11)]
  2698 | D:2      | Slain by Terence

Illustrated notes

Levels and vault maps discovered:
D:1:      kilobyte_arrival_exit_the_forest, layout_loops_ring,
          minmay_misc_feat_chi
D:2:      layout_rooms, uniq_sigmund, uniq_terence, uniq_natasha

Skill      XL: |  1  2  3 |
---------------+----------+-----
Stealth        | 1 3 |  3.0
Dodging        | 4 |  4.0
Fighting       | 3 |  3.0
Translocations | 5 |  5.1
Unarmed Combat | |  2.0
Spellcasting   | |  2.9

Action                   |  1- 3 |  4- 6 || total
-------------------------+-------+-------++-------
Melee: Unarmed           |   121 |    63 ||   184
       Bite              |    15 |     9 ||    24
       Punch             |       |     2 ||     2
 Cast: Gell's Gravitas   |       |     2 ||     2
  Use: Potion            |     1 |       ||     1
 Stab: Sleeping          |     5 |     1 ||     6
       Invisible         |     1 |       ||     1
       Distracted        |       |     1 ||     1
Armor: Skin              |     4 |     6 ||    10
Dodge: Dodged            |    85 |    49 ||   134

Table legend: (Time is in decaauts)
 A = Elapsed time spent in this place.
 B = Non-inter-level travel time spent in this place.
 C = Inter-level travel time spent in this place.
 D = Time resting spent in this place.
 E = Time spent auto-exploring this place.
 F = Levels seen in this place.
 G = Mean time per level.
                   A        B        C        D        E       F      G
               +--------+--------+--------+--------+--------+-----+--------+
         Total |   2424 |   2202 |    222 |    685 |    857 |   2 | 1212.0 |
       Dungeon |   2424 |   2202 |    222 |    685 |    857 |   2 | 1212.0 |
               +--------+--------+--------+--------+--------+-----+--------+

Top non-repeatable levels by time:
     D:1: 1760 daAuts
     D:2: 664 daAuts
